 Dungeon Crawl Stone Soup version 0.24-a0-630-g0d56a851f4 (webtiles) character file.

Game seed: 7217946774590351835, levelgen mode: deterministic

11180 Majang the Cleaver (level 11, -11/89 HPs)
             Began as a Barachi Fighter on Sept 20, 2019.
             Was an Elder of the Shining One.
             Mangled by an ettin
             ... wielding a +0 dire flail
              (39 damage)
             ... on level 11 of the Dungeon.
             The game lasted 00:51:10 (10161 turns).

Majang the Cleaver (Barachi Fighter)               Turns: 10161, Time: 00:51:11

Health: -11/89     AC: 18    Str: 20    XL:     11   Next: 73%
Magic:  11/11      EV:  8    Int:  9    God:    the Shining One [****..]
Gold:   453        SH: 11    Dex: 12    Spells: 10/10 levels left

rFire    . . .     SeeInvis .   a - +3 war axe
rCold    . . .     Gourm    .   c - +0 shield
rNeg     + + +     Faith    .   D - +0 plate armour
rPois    +         Spirit   .   (no helmet)
rElec    .         Reflect  .   m - +1 cloak
rCorr    .         Harm     .   E - +1 pair of gloves
MR       .....                  (no boots)
Stlth    ..........             (no amulet)
HPRegen  0.24/turn              n - ring of poison resistance
MPRegen  0.12/turn              s - ring of positive energy

@: about to teleport, glowing, slow
A: +LOS, swims, slowness 1, strong legs 1
a: Hop, Divine Shield, Cleansing Flame, Renounce Religion


You were on level 11 of the Dungeon.
You worshipped the Shining One.
The Shining One was greatly pleased with you.
You were hungry.

You visited 2 branches of the dungeon, and saw 12 of its levels.
You also visited: Sewer.

You collected 690 gold pieces.
You spent 237 gold pieces at shops.

Inventory:

Hand Weapons
 a - a +3 war axe (weapon)
 b - a +0 hand crossbow of velocity
 d - a +1 halberd of flaming
 o - a +2 battleaxe
 w - a +0 flail
Missiles
 C - 29 bolts
Armour
 c - a +0 shield (worn)
 m - a +1 cloak (worn)
 D - a +0 plate armour (worn)
 E - a +1 pair of gloves (worn)
Jewellery
 n - a ring of poison resistance (left hand)
 s - a ring of positive energy (right hand)
Wands
 i - a wand of scattershot (3)
 z - a wand of iceblast (18)
 G - a wand of flame (56)
Scrolls
 g - a scroll of teleportation
 k - 4 scrolls of remove curse
 x - a scroll of amnesia
 y - 7 scrolls of identify
 F - 3 scrolls of blinking
Potions
 e - a potion of resistance {unknown}
 h - a potion of flight {unknown}
 j - a potion of heal wounds
 l - 3 potions of brilliance {unknown}
 p - 3 potions of degeneration {unknown}
 q - 3 potions of curing
 r - a potion of agility {unknown}
 t - a potion of berserk rage {unknown}
 u - 2 potions of invisibility {unknown}
 A - 2 potions of lignification {unknown}
 H - a potion of haste {unknown}
 I - a potion of mutation {unknown}
Miscellaneous
 B - a sack of spiders
Comestibles
 f - 20 rations


   Skills:
 + Level 9.5 Fighting
 * Level 11.4 Axes
 + Level 6.4 Crossbows
 - Level 0.3 Throwing
 + Level 8.7 Armour
 + Level 7.1 Dodging
 + Level 8.0 Shields


You had 10 spell levels left.
You didn't know any spells.
Your spell library contained the following spells:

 Spells                   Type           Power        Failure   Level  Hunger
 Animate Skeleton         Necr           N/A          100%        1    ##.....
 Apportation              Tloc           #.....       100%        1    ##.....
 Confusing Touch          Hex            #.....       100%        1    ##.....
 Pain                     Necr           #...         100%        1    ##.....
 Sting                    Conj/Pois      #...         100%        1    ##.....
 Summon Butterflies       Summ           #.......     100%        1    ##.....
 Summon Small Mammal      Summ           #...         100%        1    ##.....
 Call Imp                 Summ           #.......     100%        2    ###....
 Poisonous Vapours        Pois/Air       #.....       100%        2    ###....
 Call Canine Familiar     Summ           #.......     100%        3    ####...
 Lesser Beckoning         Tloc           #.........   100%        3    ####...
 Mephitic Cloud           Conj/Pois/Air  #.......     100%        3    ####...
 Regeneration             Chrm/Necr      #.........   100%        3    ####...
 Summon Guardian Golem    Hex/Summ       #.......     100%        3    ####...
 Tukima's Dance           Hex            #.......     100%        3    ####...
 Vampiric Draining        Necr           #.........   100%        3    ####...
 Animate Dead             Necr           N/A          100%        4    #####..
 Olgreb's Toxic Radiance  Pois           #.......     100%        4    #####..
 Summon Ice Beast         Ice/Summ       #.......     100%        4    #####..
 Summon Lightning Spire   Summ/Air       #.......     100%        4    #####..
 Alistair's Intoxication  Tmut/Pois      #.......     100%        5    ######.
 Venom Bolt               Conj/Pois      #.........   100%        5    ######.
 Invisibility             Hex            #.......     100%        6    #######


Dungeon Overview and Level Annotations

Branches:
Dungeon (11/15)            Temple (1/1) D:6           Sewer (visited)
   Lair: D:8-11         Orc: D:9-12

Altars:
Ashenzari
Cheibriados
Dithmenos
Elyvilon
Fedhas
Gozag
Hepliaklqana
Kikubaaqudgha
Makhleb
Nemelex Xobeh
Okawaru
Qazlal
Ru
Sif Muna
Trog
Uskayaw
Vehumet
Wu Jian
Xom
Yredelemnul
Zin
The Shining One

Shops:
D:5 (   D:7 *

Portals:
Trove: D:10 (give 6 scrolls of blinking)


Innate Abilities, Weirdness & Mutations

Shadows flee at your approach. (+LOS)
You can swim through water.
You cover ground slowly.
You can hop short distances.


Message History

The deep troll earth mage is severely wounded.
The deep troll earth mage bites you!
The deep troll earth mage claws you but does no damage. x2
You slash the deep troll earth mage!
The deep troll earth mage is almost dead.
The deep troll earth mage gestures at you while chanting.
The wall shatters!
The blast of rock fragments hits you!
You slash the deep troll earth mage!
You kill the deep troll earth mage!
Your Shields skill increases to level 8!
An ettin comes into view. It is wielding two +0 dire flails.
You feel much better. The ettin misses you. You block the ettin's attack.
You feel much better. You block the ettin's attack.
The ettin hits you with a +0 dire flail!!!
You feel much better. You block the ettin's attack. x2
As you read the scroll of teleportation, it crumbles to dust.
You feel strangely unstable. You block the ettin's attack.
The ettin hits you with a +0 dire flail!!
The ettin hits you with a +0 dire flail!!!
You die...

# #. ###.###
#.....# ###
#@### ...
#C..#
#.###.#.#
#.....#.#
###.########
#...#.Q#%#
###.#○#
#.)##.#
####.#.#


You could see an ettin.

Vanquished Creatures
  A tengu reaver (D:11)
  Harold (D:7)
  Erolcha (D:9)
  A deep troll earth mage (D:11)
  A two-headed ogre (D:9)
  Psyche (D:9)
  A guardian mummy (D:10)
  A troll (D:9)
  2 hornets (D:8)
  Prince Ribbit (D:5)
  3 yaks (D:9)
  A hungry ghost (D:10)
  Menkaure (D:5)
  3 orc warriors
  5 sky beasts
  2 black bears (D:8)
  2 phantoms (D:10)
  A necrophage (D:10)
  4 centaurs
  6 ogres
  A big kobold (D:8)
  Blork the orc (D:6)
  11 bullfrogs
  2 wyvern zombies (D:10)
  2 wyvern skeletons
  3 scorpions
  4 wights (D:8)
  6 howler monkeys
  8 crimson imps
  Crazy Yiuf (D:4)
  2 jellies (D:8)
  5 orc priests
  2 hounds
  7 orc wizards
  A bullfrog skeleton (D:8)
  A centaur skeleton (D:6)
  3 iguanas
  8 worker ants
  A worker ant zombie (D:8)
  16 adders
  5 gnolls
  A river rat (D:3)
  2 shadow imps
  An adder zombie (D:9)
  3 adder skeletons
  2 worms
  A dart slug (D:1)
  12 leopard geckos
  24 orcs
  6 ball pythons
  11 giant cockroaches
  6 goblins
  6 hobgoblins
  8 jackals
  5 quokkas
  15 bats
  9 frilled lizards
  10 kobolds
  A quokka zombie (D:5)
  10 rats
262 creatures vanquished.

Notes
Turn   | Place    | Note
-------+----------+-------------------------------------------
     0 | D:1      | Majang the Barachi Fighter began the quest for the Orb.
     0 | D:1      | Reached XP level 1. HP: 18/18 MP: 1/1
   123 | D:1      | Reached XP level 2. HP: 25/25 MP: 2/2
   336 | D:1      | Reached skill level 3 in Axes
   417 | D:1      | Found a shattered altar of Ashenzari.
   519 | D:1      | Reached XP level 3. HP: 25/30 MP: 3/3
   912 | D:2      | Reached skill level 4 in Axes
   912 | D:2      | Reached XP level 4. HP: 36/38 MP: 4/4
  1307 | D:2      | Found an ornate altar of the Wu Jian Council.
  1442 | D:2      | Reached XP level 5. HP: 41/43 MP: 5/5
  1567 | D:2      | Found a hazy altar of Hepliaklqana.
  1568 | D:2      | Found a shimmering altar of Xom.
  1569 | D:2      | Noticed a spectral ugly thing
  2029 | D:3      | Reached skill level 5 in Fighting
  2068 | D:3      | Reached skill level 5 in Axes
  2152 | D:3      | Found a glowing drain.
  2158 | Sewer    | Entered a sewer
  2349 | Sewer    | Reached XP level 6. HP: 51/51 MP: 6/6
  2865 | D:3      | Found a shadowy altar of Dithmenos.
  3252 | D:4      | Reached skill level 1 in Dodging
  3378 | D:4      | Reached skill level 6 in Axes
  3401 | D:4      | Found a glowing golden altar of the Shining One.
  3408 | D:4      | Became a worshipper of the Shining One
  3497 | D:4      | Reached XP level 7. HP: 56/56 MP: 7/7
  3633 | D:4      | Reached skill level 1 in Crossbows
  3662 | D:4      | Found a hide-covered altar of Uskayaw.
  3662 | D:4      | Noticed a +0 dagger
  3662 | D:4      | Noticed a +0 dagger
  3907 | D:4      | Found a runed translucent door.
  3908 | D:4      | Noticed Crazy Yiuf
  3916 | D:4      | Killed Crazy Yiuf
  4025 | D:5      | Entered Level 5 of the Dungeon
  4131 | D:5      | Noticed Prince Ribbit
  4151 | D:5      | Killed Prince Ribbit
  4180 | D:5      | Found a white marble altar of Elyvilon.
  4187 | D:5      | Found Ruczuvi Ytza's Antique Weapon Emporium.
  4188 | D:5      | Found a sparkling altar of Nemelex Xobeh.
  4197 | D:5      | Bought a glowing hand crossbow for 162 gold pieces
  4408 | D:5      | Noticed Menkaure
  4423 | D:5      | Killed Menkaure
  4423 | D:5      | Reached XP level 8. HP: 59/64 MP: 8/8
  4828 | D:6      | Reached skill level 7 in Axes
  4885 | D:6      | Reached * piety under the Shining One
  4938 | D:6      | Reached skill level 5 in Armour
  5318 | D:6      | Found a staircase to the Ecumenical Temple.
  5339 | Temple   | Entered the Ecumenical Temple
  5471 | D:6      | Reached skill level 5 in Shields
  5531 | D:6      | Reached skill level 8 in Axes
  5531 | D:6      | Reached XP level 9. HP: 60/71 MP: 9/9
  5624 | D:6      | Found a burning altar of Makhleb.
  5624 | D:6      | Noticed a green death
  5864 | D:6      | Noticed Blork the orc
  5869 | D:6      | Killed Blork the orc
  6043 | D:7      | Found an ancient bone altar of Kikubaaqudgha.
  6363 | D:7      | Found Niar's Assorted Antiques.
  6365 | D:7      | Bought a scroll labeled WELUCL DAGACH for 26 gold pieces
  6365 | D:7      | Bought a scroll labeled COQUKLASKIU for 26 gold pieces
  6365 | D:7      | Bought a smoky golden potion for 23 gold pieces
  6659 | D:7      | Noticed Harold
  6674 | D:7      | Killed Harold
  6674 | D:7      | Reached skill level 9 in Axes
  6915 | D:8      | Reached ** piety under the Shining One
  6927 | D:8      | Reached XP level 10. HP: 50/80 MP: 10/10
  7013 | D:8      | Reached skill level 5 in Dodging
  7727 | D:8      | Found a sacrificial altar of Ru.
  7732 | D:8      | Reached skill level 5 in Crossbows
  7958 | D:9      | Reached skill level 10 in Axes
  8220 | D:9      | Found a blossoming altar of Fedhas.
  8220 | D:9      | Reached *** piety under the Shining One
  8269 | D:9      | Noticed a two-headed ogre
  8282 | D:9      | Killed a two-headed ogre
  8450 | D:9      | Found a snail-covered altar of Cheibriados.
  8575 | D:9      | Noticed Erolcha
  8588 | D:9      | Noticed Psyche
  8598 | D:9      | Killed Erolcha
  8598 | D:9      | Reached XP level 11. HP: 44/87 MP: 11/11
  8602 | D:9      | Killed Psyche
  9556 | D:10     | Entered Level 10 of the Dungeon
  9813 | D:10     | Found a portal to a secret trove of treasure.
  9895 | D:10     | Reached skill level 11 in Axes
 10115 | D:11     | Noticed a deep troll earth mage
 10115 | D:11     | Noticed a tengu reaver
 10115 | D:11     | Reached **** piety under the Shining One
 10143 | D:11     | Killed a tengu reaver
 10151 | D:11     | Killed a deep troll earth mage
 10151 | D:11     | Noticed an ettin
 10161 | D:11     | Mangled by an ettin

Levels and vault maps discovered:
D:1:      eino_arrival_water_star, layout_basic, ashenzari_altar_1
D:2:      minmay_razor_zed, layout_rooms, regret_index_temple_of_mockery,
          marbit_many_paths, first_ration, minmay_misc_feat_tower
D:3:      layout_loops_corners, nicolae_dithmenos_through_a_glass_darkly,
          portal_sewer_entry_e, st_stairs_10
D:4:      layout_basic, dancing_weapons_uskayaw, minmay_misc_feat_roman,
          tso_altar, uniq_crazy_yiuf_cottage
D:5:      layout_basic, kennysheep_little_box, lemuel_crystal_altar,
          serial_shops, shop, sigmund_army, uniq_prince_ribbit1, uniq_menkaure
D:6:      layout_basic, minmay_temple_entry_waves, makhleb_altar_promises_db,
          uniq_blork_the_orc
D:7:      layout_rooms, kiku_gazebo_garden_becter, serial_shops, shop,
          uniq_harold
D:8:      layout_basic, nicolae_ru_sacrificial_ziggurat, serial_curves,
          eino_curves_02, eino_curves_01, hangedman_pestilent_swarm
D:9:      layout_basic, fedhas_altar_3, lemuel_coloured_pillars_altar,
          kennysheep_generic_room_12, uniq_psyche, uniq_erolcha
D:10:     layout_roguey, nicolae_trove_entry_path_of_doom
D:11:     minmay_glassy_protrusions, layout_loops_ring, dpeg_oklobed_lair,
          serial_rivers, chequers_serial_rivers_marsh,
          chequers_serial_rivers_micro_a, chequers_serial_rivers_large_a,
          chequers_serial_rivers_micro_d
Temple:   dpeg_three_leaves_temple

Skill      XL: |  1  2  3  4  5  6  7  8  9 10 11 |
---------------+----------------------------------+-----
Axes           | 3 4 5 6 8 9 10 11 | 11.4
Fighting       | 4 5 6 7 8 9 |  9.5
Dodging        | 1 2 3 4 6 7 |  7.1
Armour         | 4 5 6 7 8 |  8.7
Crossbows      | 2 3 4 5 6 |  6.4
Shields        | 4 5 6 7 8 |  8.0
Throwing       | |  0.3

Action                   |  1- 3 |  4- 6 |  7- 9 | 10-12 || total
-------------------------+-------+-------+-------+-------++-------
Melee: War axe           |   146 |   240 |   241 |   311 ||   938
 Fire: Hand crossbow     |       |       |    19 |    18 ||    37
Throw: Boomerang         |       |     3 |       |       ||     3
Evoke: Sack of spiders   |       |       |     1 |       ||     1
       Wand              |       |       |       |     1 ||     1
  Use: Scroll            |       |     7 |     6 |     6 ||    19
       Potion            |       |       |     3 |    10 ||    13
  Eat: Chunk             |     1 |    10 |    12 |    11 ||    34
Armor: Scale mail        |    80 |    83 |       |       ||   163
       Plate armour      |       |    24 |   130 |   138 ||   292
Dodge: Dodged            |    50 |    67 |    48 |    66 ||   231
Block: Shield            |    75 |   123 |   104 |   163 ||   465

Table legend:
 A = Non-vault XP
 B = Vault XP
 C = Vault XP percentage of total XP
 D = Non-vault monster count
 E = Vault monster count
 F = Vault count percentage of total count
                 A         B        C        D         E       F
            +---------+---------+-------+---------+---------+-------
      Total |    8600 |    7372 |  46.2 |     209 |      53 |  20.2
            +---------+---------+-------+---------+---------+-------
        D:1 |      46 |       0 |   0.0 |      28 |       0 |   0.0
        D:2 |     145 |      14 |   8.8 |      26 |       9 |  25.7
        D:3 |       9 |      39 |  81.2 |       6 |      10 |  62.5
        D:4 |     341 |      44 |  11.4 |      21 |       1 |   4.5
        D:5 |      74 |     390 |  84.1 |       6 |       4 |  40.0
        D:6 |    1553 |      94 |   5.7 |      33 |       1 |   2.9
        D:7 |     491 |     992 |  66.9 |      12 |       1 |   7.7
        D:8 |    1797 |     621 |  25.7 |      32 |       4 |  11.1
        D:9 |    2741 |    1559 |  36.3 |      29 |       3 |   9.4
       D:10 |    1403 |     331 |  19.1 |      16 |       1 |   5.9
       D:11 |       0 |    3125 | 100.0 |       0 |       3 | 100.0
      Sewer |       0 |     163 | 100.0 |       0 |      16 | 100.0
            +---------+---------+-------+---------+---------+-------
